AoeStats
← macinko484

MegaRandom

506496283Analyzed
2v2 RM · 18d ago on Sep 13, 2026· 41m 6s· 4 players
Game mode
Random Map
Map size
Medium (4 player)
Population
200
Speed
Normal
Resources
Standard
Victory
Conquest
Starting age
Dark Age
Ending age
Imperial Age
RankedLock teamsTeams togetherTeam positionsShared explorationLock speedFull tech treeHidden civsTurbo modeCheats
Victory
Defeat
🇨🇴 Romans · Colombia
1014
+14
🇺🇸 Celts · United States
1006
+14
🇸🇰 Dravidians · Slovakia
964
-14
🇸🇰 Bulgarians · Slovakia
964
-14
Gonzik
0:35 Loom
12:56 Feudal Age
13:42 Man-at-Arms
15:38 Double-Bit Axe
16:21 Horse Collar
17:28 Forging
22:19 Castle Age
20:25 Arson
22:31 Scale Mail Armor
22:29 Long Swordsman
24:17 Iron Casting
24:46 Chain Mail Armor
25:09 Gold Mining
25:49 Gambesons
27:31 Pikeman
33:03 Bow Saw
34:19 Heavy Plow
34:57 Wheelbarrow
40:22 Imperial Age
39:56 Hand Cart
39:26 Town Watch
40:13 Ballistics
41:10 Gold Shaft Mining
ElLorenzuwu
7:09 Loom
11:21 Feudal Age
11:48 Double-Bit Axe
12:15 Horse Collar
15:04 Forging
21:22 Castle Age
19:52 Gold Mining
19:26 Man-at-Arms
20:18 Scale Mail Armor
21:28 Stone Mining
21:32 Long Swordsman
23:11 Wheelbarrow
24:22 Squires
26:49 Chain Mail Armor
27:10 Town Watch
28:07 Bow Saw
31:22 Fletching
34:19 Imperial Age
32:12 Ballistics
33:08 Hand Cart
33:40 Scale Barding Armor
34:12 Iron Casting
34:35 Legionary
35:46 Herbal Medicine
38:08 Gold Shaft Mining
37:32 Murder Holes
37:49 Masonry
38:26 Conscription
40:49 Blast Furnace
41:39 Comitatenses
42:43 Chemistry
macinko484
0:32 Loom
12:17 Feudal Age
18:00 Castle Age
16:08 Man-at-Arms
19:39 Gambesons
21:32 Long Swordsman
22:46 Scale Mail Armor
24:17 Wheelbarrow
24:25 Horse Collar
28:24 Forging
30:20 Iron Casting
32:10 Squires
32:13 Town Watch
33:22 Chain Mail Armor
32:59 Fletching
32:58 Double-Bit Axe
33:18 Heavy Plow
33:13 Pikeman
33:54 Bodkin Arrow
33:53 Gold Mining
35:44 Town Patrol
36:03 Hand Cart
37:02 Town Patrol
39:07 Medical Corps
39:57 Masonry
40:08 Ballistics
39:44 Murder Holes
Berco3693
0:37 Loom
12:20 Feudal Age
17:00 Castle Age
20:40 Horse Collar
32:26 Town Watch
Connection lost

Rejoining the realm…

Still unreachable

The connection could not be restored.

Session expired

The server has moved on; the page needs a fresh start.